 Dungeon Crawl Stone Soup version 0.32-a0-86-g8db1b9f803 (webtiles) character file.

Game seed: 8868286224377733164

423 pokeman the Magician (level 6, 0/29 (34) HPs)
             Began as a Deep Elf Hedge Wizard on Feb 5, 2024.
             Slain by a wight
             ... wielding a +5 spear
              (6 damage)
             ... on level 4 of the Dungeon.
             The game lasted 00:05:02 (3416 turns).

pokeman the Magician (Deep Elf Hedge Wizard)        Turns: 3416, Time: 00:05:03

HP:   0/29 (34)     AC:  3    Str:  7    XL:     6   Next: 63%
MP:   16/18         EV: 13    Int: 21    God:
Gold: 223           SH:  0    Dex: 14    Spells: 11/19 levels left

rFire   . . .        e - +2 spear (heavy)
rCold   . . .        (no shield)
rNeg    + . .        b - +0 robe
rPois   .            c - +0 hat
rElec   .            (no cloak)
rCorr   .            (no gloves)
SInv    .            f - +0 pair of boots
Will    .....        (no amulet)
Stlth   ++           k - ring of positive energy
HPRegen 0.24/turn    l - ring of wizardry
MPRegen 0.16/turn

%: wizardry (x1)
@: on blink cooldown, heavily drained
A: no striking features
a: no special abilities


You were on level 4 of the Dungeon.
You visited 1 branch of the dungeon, and saw 4 of its levels.

You collected 223 gold pieces.

Inventory:

Hand Weapons
 e - a +2 heavy spear (weapon)
Armour
 b - a +0 robe (worn)
 c - a +0 hat (worn)
 f - a +0 pair of boots (worn)
Jewellery
 k - a ring of positive energy (left hand)
 l - a ring of wizardry (right hand)
Scrolls
 i - 6 scrolls of identify {unknown}
 j - 3 scrolls of vulnerability {unknown}
 m - 4 scrolls of teleportation {unknown}
 o - a scroll of immolation {unknown}
 p - a scroll of amnesia {unknown}
 q - a scroll of summoning {unknown}
Potions
 a - 2 potions of brilliance {unknown}
 d - 2 potions of magic
 g - 2 potions of curing {unknown}
 h - 3 potions of heal wounds {unknown}
 n - 2 potions of mutation {unknown}
 r - a potion of haste {unknown}


   Skills:
 - Level 1.1 Fighting
 - Level 1.0 Armour
 - Level 3.0 Dodging
 - Level 3.1 Stealth
 * Level 7.3 Spellcasting
 + Level 3.3 Conjurations
 - Level 1.1 Summonings
 - Level 1.1 Translocations
 + Level 1.8 Air Magic
 + Level 1.8 Alchemy


You had 11 spell levels left.
You knew the following spells:

 Your Spells              Type           Power      Damage    Failure   Level
a - Magic Dart            Conj           84%        1d7       1%          1
b - Mephitic Cloud        Conj/Alch/Air  17%        N/A       4%          3
c - Call Imp              Summ           24%        N/A       3%          2
d - Blink                 Tloc           24%        N/A       3%          2

Your spell library contained the following spells:

 Spells                   Type           Power      Damage    Failure   Level
 Freeze                   Ice            28%        1d5       3%          1
 Slow                     Hex            28%        N/A       3%          1
 Cigotuvi's Dreadful Rot  Necr/Alch/Air  24%        N/A       3%          2
 Sublimation of Blood     Necr           7%         N/A       5%          2
 Hailstorm                Conj/Ice       14%        3d6       5%          3
 Frozen Ramparts          Ice            14%        1d3       11%         3
 Petrify                  Alch/Erth      11%        N/A       22%         4
 Irradiate                Conj/Alch      9%         3d14      32%         5


Dungeon Overview and Level Annotations

Branches:
Dungeon (4/15)
 Temple: D:4-7

Altars:
Kikubaaqudgha
Okawaru

Shops:
D:2 [*[


Message History

Confirm with . or Enter, or press ? or * to list all spells.
Aiming: Magic Dart (safe; 1% risk of failure)
Press: ? - help, Shift-Dir - straight line, f - wight
Aim: a wight, wielding a +5 spear and wearing a +0 robe (dormant, 100% to hit)
Okay, then.
Unknown command.
Reach: e) +2 spear (heavy)
Press: ? - help, Dir - move target, f - wight
Aim: a wight, wielding a +5 spear and wearing a +0 robe (dormant, about 2% to evade your +2 heavy spear)
You reach to attack!
The helpless wight fails to defend itself.
You hit the wight but do no damage. The wight barely misses you.
The wight hits you from afar with a +5 spear.
You partially resist.
You feel drained.
Casting: Magic Dart (safe; 1% risk of failure)
Confirm with . or Enter, or press ? or * to list all spells.
A tiny devil pulls itself out of the air.
The wight closely misses you. The wight attacks as it pursues you!
The wight completely misses you.
Your cerulean imp hits the wight but does no damage.
Your cerulean imp closely misses the wight.
Your cerulean imp closely misses the wight.
There is an open door here.
The wight attacks as it pursues you!
The wight hits you from afar with a +5 spear!
You partially resist.
You feel drained.
Items here: )) [ ÷÷.
The wight attacks as it pursues you!
The wight hits you from afar with a +5 spear.
You partially resist.
You feel drained.
Casting: Call Imp (safe; 3% risk of failure)
Confirm with . or Enter, or press ? or * to list all spells.
You blink.
Your cerulean imp hits the wight from afar with a -3 spear.
The wight hits you with a +5 spear!
* * * LOW HITPOINT WARNING * * *
You swap places.
Your cerulean imp hits the wight with a -3 spear.
The wight hits you from afar with a +5 spear.
You die...

################
###z)§............
#.5.###.#####.####
#@######### ###
#.ß##.#.#.# ##
#.###'#'#'#+#+#+#.
#..'..5.........##
#####'#'#+#+#+#+#.
#.#.# ## ##### ##
#.


You could see a wight (ally target) and a friendly cerulean imp (summoned).

Vanquished Creatures
  A black bear (D:4)
  A necrophage (D:4)
  A howler monkey (D:4)
  A bombardier beetle (D:4)
  A jelly (D:4)
  An orc priest (D:4)
  A hound zombie (D:4)
  A mummy (D:4)
  4 gnolls (D:2)
  An adder (D:4)
  An adder zombie (D:4)
  4 dart slugs
  7 orcs
  4 endoplasms
  4 giant cockroaches
  3 goblins
  8 hobgoblins
  3 jackals (D:2)
  5 kobolds
  3 quokkas
  4 ball pythons
  2 bats
  4 frilled lizards
  6 rats
71 creatures vanquished.

Notes
Turn   | Place    | Note
-------+----------+-------------------------------------------
     0 | D:1      | pokeman the Deep Elf Hedge Wizard began the quest for the
                  | Orb.
     0 | D:1      | Reached XP level 1. HP: 10/10 MP: 7/7
   234 | D:1      | Reached XP level 2. HP: 8/15 MP: 1/9
   691 | D:1      | Reached skill level 5 in Spellcasting
  1074 | D:1      | Reached XP level 3. HP: 20/20 MP: 9/11
  1078 | D:1      | Learned a level 3 spell: Mephitic Cloud
  1081 | D:1      | Learned a level 2 spell: Call Imp
  1084 | D:1      | Learned a level 2 spell: Blink
  1185 | D:2      | Found Etumilawi's General Store.
  1344 | D:2      | Found Zuetaxka's Armour Shoppe.
  1419 | D:2      | Reached skill level 1 in Fighting
  1420 | D:2      | Reached skill level 1 in Armour
  1462 | D:2      | Reached XP level 4. HP: 13/25 MP: 10/13
  1686 | D:2      | Found a faded altar of an unknown god.
  2270 | D:2      | Found Pukhlier's Antique Armour Boutique.
  2408 | D:3      | Found an ancient bone altar of Kikubaaqudgha.
  2760 | D:4      | Reached skill level 6 in Spellcasting
  2764 | D:4      | Reached XP level 5. HP: 29/29 MP: 0/15
  2871 | D:4      | Found an iron altar of Okawaru.
  2952 | D:4      | Reached skill level 1 in Alchemy
  2988 | D:4      | Noticed a black bear
  2999 | D:4      | Killed a black bear
  3000 | D:4      | Reached skill level 1 in Air Magic
  3000 | D:4      | Reached XP level 6. HP: 34/34 MP: 13/17
  3119 | D:4      | Reached skill level 7 in Spellcasting
  3416 | D:4      | Slain by a wight

Illustrated notes

Levels and vault maps discovered:
D:1:      dpeg_arrival_stonehenge_8_columns, layout_loops_ring
D:2:      layout_loops_corners, serial_shops, nicolae_shop_back_alley_shop,
          nicolae_shop_tiny_glass, shop, shapermc_ecumenical_altar_ellora
D:3:      layout_rooms, kiku_gazebo_garden_becter
D:4:      corexii_shack_village, layout_loops_cross, okawaru_gym_becter,
          lemuel_mausoleum_altar_yredelemnul, minmay_misc_feat_enclosed,
          uniq_edmund

Skill      XL: |  1  2  3  4  5  6 |
---------------+-------------------+-----
Spellcasting   | 5 6 7 |  7.3
Fighting       | 1 |  1.1
Armour         | 1 |  1.0
Conjurations   | 2 3 |  3.3
Dodging        | 3 |  3.0
Stealth        | 3 |  3.1
Alchemy        | 1 |  1.8
Air Magic      | 1 |  1.8
Summonings     | |  1.1
Translocations | |  1.1

Action                     |  1- 3 |  4- 6 || total
---------------------------+-------+-------++-------
  Melee: Spear             |    27 |    30 ||    57
         Punch             |     1 |       ||     1
   Cast: Magic Dart        |    74 |    94 ||   168
         Mephitic Cloud    |     2 |     4 ||     6
         Blink             |       |     1 ||     1
         Call Imp          |       |     1 ||     1
   Stab: Sleeping          |     1 |     3 ||     4
         Confused          |       |     5 ||     5
 Armour: Robe              |    30 |    27 ||    57
  Dodge: Dodged            |    23 |    35 ||    58

Table legend: (Time is in decaauts)
 A = Elapsed time spent in this place.
 B = Non-inter-level travel time spent in this place.
 C = Inter-level travel time spent in this place.
 D = Time resting spent in this place.
 E = Time spent auto-exploring this place.
 F = Levels seen in this place.
 G = Mean time per level.
                   A        B        C        D        E       F      G
               +--------+--------+--------+--------+--------+-----+--------+
         Total |   3450 |   3386 |     64 |      8 |   2933 |   4 |  862.5 |
       Dungeon |   3450 |   3386 |     64 |      8 |   2933 |   4 |  862.5 |
               +--------+--------+--------+--------+--------+-----+--------+

Top non-repeatable levels by time:
     D:2: 1183 daAuts
     D:1: 1159 daAuts
     D:4: 688 daAuts
     D:3: 419 daAuts
